 Dungeon Crawl Stone Soup version 0.23.1 (webtiles) character file.

Game seed: 8958483898849005843

607 Luthien the Conjurer (level 7, 0/40 HPs)
             Began as a Deep Elf Wizard on Mar 2, 2019.
             Succumbed to a water moccasin's poison
             ... on level 5 of the Dungeon.
             The game lasted 00:32:31 (6038 turns).

Luthien the Conjurer (Deep Elf Wizard)              Turns: 6038, Time: 00:32:31

Health: 0/40       AC:  5    Str:  4    XL:     7   Next: 19%
Magic:  1/15       EV: 18    Int: 23    God:
Gold:   172        SH:  0    Dex: 20    Spells: 4/14 levels left

rFire    . . .     SeeInvis .   w - +0 dagger
rCold    . . .     Gourm    .   (no shield)
rNeg     . . .     Faith    +   N - +0 leather armour
rPois    .         Spirit   .   B - +0 helmet
rElec    .         Reflect  .   z - +0 cloak
rCorr    .         Harm     .   (no gloves)
MR       .....                  (no boots)
Stlth    +++++.....             A - amulet of faith
HPRegen  0.13/turn              y - ring of wizardry
MPRegen  0.14/turn              E - ring of stealth

@: agile, lethally poisoned (0 -> -12), flying, very slightly contaminated
A: no striking features
a: no special abilities


You were on level 5 of the Dungeon.
You were very hungry.

You visited 1 branch of the dungeon, and saw 5 of its levels.

You collected 172 gold pieces.

Inventory:

Hand Weapons
 f - a +0 club
 w - a +0 dagger (weapon)
Missiles
 c - 67 arrows
 g - 41 bolts
 i - 121 stones (quivered)
 j - 16 sling bullets
 m - 8 tomahawks
Armour
 a - a +0 robe
 b - a +0 hat
 e - a +0 cloak
 q - a +0 robe
 t - a +0 leather armour
 u - a +0 robe
 z - a +0 cloak (worn)
 B - a +0 helmet (worn)
 D - a +0 leather armour
 G - a +0 leather armour
 K - a +0 chain mail
 M - a +0 scale mail
 N - a +0 leather armour (worn)
Jewellery
 y - a ring of wizardry (left hand)
 A - an amulet of faith (around neck)
 E - a ring of stealth (right hand)
 H - an uncursed ring of protection from cold
 P - an uncursed ring of positive energy {unknown}
Scrolls
 h - 4 scrolls of identify {unknown}
 p - a scroll of teleportation {unknown}
 r - a scroll of blinking {unknown}
 s - 3 scrolls of remove curse {unknown}
 F - a scroll of fear {unknown}
 J - a scroll of fog {unknown}
 L - a scroll of enchant armour {unknown}
Potions
 k - a potion of lignification {unknown}
 l - a potion of invisibility {unknown}
 o - 3 potions of curing {unknown}
 v - a potion of agility
 x - a potion of flight
 C - a potion of degeneration {unknown}
 I - a potion of haste {unknown}
 O - 2 potions of ambrosia {unknown}
Comestibles
 d - 11 rations


   Skills:
 + Level 2.0 Fighting
 + Level 4.1 Dodging
 + Level 4.3 Stealth
 - Level 4.4 Spellcasting
 + Level 6.6 Conjurations
 - Level 1.1 Summonings
 - Level 1.1 Translocations


You had 4 spell levels left.
You knew the following spells:

 Your Spells              Type           Power        Failure   Level  Hunger
a - Magic Dart            Conj           ####         1%          1    None
b - Blink                 Tloc           N/A          7%          2    None
c - Call Imp              Summ           ##......     7%          2    None
d - Slow                  Hex            #.......     11%         2    None
e - Conjure Flame         Conj/Fire      ###.....     6%          3    ##.....

Your spell library contained the following spells:

 Spells                   Type           Power        Failure   Level  Hunger
 Mephitic Cloud           Conj/Pois/Air  ###.....     9%          3    ##.....


Dungeon Overview and Level Annotations

Branches:
Dungeon (5/15)             Temple (0/1) D:5

Altars:
Okawaru
Ru
Trog
The Shining One

Annotations:
D:5 Pikel


Message History

* * * LOW HITPOINT WARNING * * *
You feel sick.
Okay, then.
Unknown command.
Unknown command.
Unknown command.
* * * LOW HITPOINT WARNING * * *
You feel sick.
There is an iron altar of Okawaru here.
Which direction?
You close the door.
* * * LOW HITPOINT WARNING * * *
You feel sick.
You close the door, pushing everything out of the way.
* * * LOW HITPOINT WARNING * * *
You feel sick.
It was a potion of flight.
You feel very buoyant.
You fly up into the air.
You die...

************ #.# #.#
***** *,,,,,,,,,,* #.#
#K# *,********,* #.# #.#
####** *,* *,*###.# #Z#
#..,,, *,* *,*#...###
#.# #.#*** **,***
*,*#.....####.####.####
*,,,,*
*,##...S..ยง.#.ZS.......
*,,,,*
#,#..#+#....######.####
*,,,,* #.#..#@#....#
#.#### *,,,,*
#....#+#....# #KS...
*,,,,*
###.........###########
*,,,,*
##...................
*,,,,*
#..................)
*,,,,*
#........###########
*,,,,* #........# #
*,,,,* #........# #
**,*** ####.##.## #


There were no monsters in sight!

Vanquished Creatures
  A slave (D:5)
  A phantom (D:4)
  A scorpion (D:4)
  An orc priest (D:3)
  An iguana (D:4)
  A worker ant (D:4)
  2 gnolls
  4 adders
  An adder skeleton (D:4)
  2 worms
  2 dart slugs (D:1)
  7 leopard geckos
  9 orcs
  3 ball pythons
  9 giant cockroaches
  7 goblins
  9 hobgoblins
  A jackal (D:4)
  7 kobolds
  A quokka (D:3)
  8 bats
  5 frilled lizards
  9 rats
92 creatures vanquished.

Vanquished Creatures (collateral kills)
  Edmund (D:5)
  A centaur (D:5)
  An orc priest (D:4)
  2 orc wizards (D:4)
  A worker ant (D:4)
  An adder (D:2)
  2 gnolls (D:4)
  An ooze (D:1)
  A dart slug (D:3)
  3 leopard geckos (D:4)
  6 orcs
  A bat (D:1)
  A jackal (D:4)
  A ball python zombie (D:5)
  A frilled lizard (D:4)
24 creatures vanquished.

Grand Total: 116 creatures vanquished

Notes
Turn   | Place    | Note
-------+----------+-------------------------------------------
     0 | D:1      | Luthien the Deep Elf Wizard began the quest for the Orb.
     0 | D:1      | Reached XP level 1. HP: 10/10 MP: 7/7
   127 | D:1      | Reached skill level 2 in Conjurations
   346 | D:1      | Reached XP level 2. HP: 15/15 MP: 7/9
   356 | D:1      | Learned a level 2 spell: Blink
   359 | D:1      | Learned a level 2 spell: Call Imp
   362 | D:1      | Learned a level 2 spell: Slow
   759 | D:1      | Reached skill level 3 in Conjurations
  1110 | D:1      | Reached XP level 3. HP: 19/19 MP: 3/10
  1682 | D:2      | Reached skill level 4 in Conjurations
  1830 | D:2      | Reached XP level 4. HP: 21/24 MP: 2/12
  2177 | D:2      | Learned a level 3 spell: Conjure Flame
  2253 | D:2      | Found a bloodstained altar of Trog.
  2821 | D:3      | Reached skill level 5 in Conjurations
  2978 | D:3      | Reached XP level 5. HP: 28/28 MP: 11/13
  4349 | D:4      | Reached skill level 6 in Conjurations
  4463 | D:4      | Reached skill level 1 in Fighting
  4463 | D:4      | Reached XP level 6. HP: 34/34 MP: 7/14
  5485 | D:5      | Entered Level 5 of the Dungeon
  5485 | D:5      | Found a sacrificial altar of Ru.
  5485 | D:5      | Found a glowing golden altar of the Shining One.
  5536 | D:5      | Reached XP level 7. HP: 20/39 MP: 8/15
  5624 | D:5      | Found an iron altar of Okawaru.
  5644 | D:5      | Noticed Edmund
  5652 | D:5      | Found a staircase to the Ecumenical Temple.
  5749 | D:5      | Killed Edmund
  5940 | D:5      | Noticed Pikel
  6036 | D:5      | HP: 2/40 [poisoned by a water moccasin]
  6038 | D:5      | Succumbed to a water moccasin's poison

Skill      XL: |  1  2  3  4  5  6  7 |
---------------+----------------------+-----
Conjurations   | 2 3 4 5 6 |  6.6
Stealth        | 3 4 |  4.3
Fighting       | 1 2 |  2.0
Dodging        | 3 4 |  4.1
Spellcasting   | |  4.4
Summonings     | |  1.1
Translocations | |  1.1

Action                   |  1- 3 |  4- 6 |  7- 9 || total
-------------------------+-------+-------+-------++-------
Melee: Dagger            |       |     2 |       ||     2
 Cast: Magic Dart        |    83 |   147 |     9 ||   239
       Call Imp          |     5 |    42 |    14 ||    61
       Conjure Flame     |       |     1 |     2 ||     3
       Blink             |       |       |     8 ||     8
  Use: Potion            |       |       |     2 ||     2
       Scroll            |       |       |     1 ||     1
  Eat: Chunk             |     3 |    11 |       ||    14
Armor: Leather armour    |     3 |    11 |     2 ||    16
Dodge: Dodged            |     4 |    27 |     4 ||    35
